 Dungeon Crawl Stone Soup version 0.22-a0-605-g9281fa2 (webtiles) character file.

21 Amnesiac the Ducker (level 2, -1/14 HPs)
             Began as a Spriggan Transmuter on July 8, 2018.
             Slain by a leopard gecko (3 damage)
             ... on level 1 of the Dungeon.
             The game lasted 00:01:05 (704 turns).

Amnesiac the Ducker (Spriggan Transmuter)            Turns: 704, Time: 00:01:06

Health: -1/14      AC:  2    Str:  6    XL:     2   Next: 62%
Magic:  7/7        EV: 19    Int: 14    God:
Gold:   45         SH:  0    Dex: 16    Spells: 4/7 levels left

rFire    . . .     SeeInvis +     - Unarmed
rCold    . . .     Gourm    .   (shield restricted)
rNeg     . . .     Faith    .   b - +0 robe
rPois    .         Spirit   .   (helmet restricted)
rElec    .         Reflect  .   (no cloak)
rCorr    .         Harm     .   (gloves unavailable)
MR       .....                  (boots unavailable)
Stlth    +.........             (no amulet)
HPRegen  0.04/turn              (no ring)
MPRegen  0.10/turn              (no ring)

@: appendage (expiring), very quick
A: very small, unfitting armour, talons 3, see invisible, herbivore, speed 3,
slow metabolism 2
a: End Transformation


You were on level 1 of the Dungeon.
You were not hungry.
You had grown temporary talons.
You visited 1 branch of the dungeon, and saw 1 of its levels.

You collected 45 gold pieces.

Inventory:

Missiles
 a - 27 arrows
Armour
 b - a +0 robe (worn)
Scrolls
 c - a scroll of noise {!r, unknown}
 e - a scroll of teleportation {!r, unknown}
Potions
 f - a potion of resistance {!q, unknown}
Comestibles
 d - a ration


   Skills:
 - Level 1.0 Fighting
 * Level 3.8 Dodging
 + Level 2.6 Unarmed Combat
 + Level 3.0 Spellcasting
 - Level 3.0 Transmutations


You had 4 spell levels left.
You knew the following spells:

 Your Spells              Type           Power        Failure   Level  Hunger
a - Beastly Appendage     Tmut           ##....       6%          1    #......
b - Sticks to Snakes      Tmut           ##......     10%         2    ##.....

Your spell library contained the following spells:

 Spells                   Type           Power        Failure   Level  Hunger
 Spider Form              Tmut/Pois      #.........   34%         3    ###....
 Blade Hands              Tmut           ##........   86%         5    ######.
 Ice Form                 Ice/Tmut       #.......     75%         4    #####..


Dungeon Overview and Level Annotations

Branches:
Dungeon (1/15)

Altars:
Ashenzari


Innate Abilities, Weirdness & Mutations

You are very small and have problems with some larger weapons.
You are too small for most types of armour.
You have supernaturally acute eyesight. (SInv)
You are a herbivore.
You cover ground extremely quickly.
You need to consume almost no food.
You have claws for feet.


Message History

You start resting.
Your adder withers and dies!
Magic restored.
You start resting.
HP restored.
You see here a hobgoblin corpse.
Things that are here:
a whip; a kobold corpse
Things that are here:
a dagger; a goblin corpse A bat comes into view.
A bat is nearby!
A bat is nearby!
A bat is nearby!
Casting: Beastly Appendage (safe; 6% risk of failure)
Confirm with . or Enter, or press ? or * to list all spells.
Your feet morph into talons.
A leopard gecko comes into view.
The leopard gecko hisses angrily.
A kobold comes into view.
The kobold shouts!
The kobold throws a stone.
The stone completely misses you.
Found a stone staircase leading down.
You closely miss the bat. The bat hits you.
The kobold throws a stone.
The stone hits you.
You miss the bat. The bat misses you.
The kobold throws a stone.
The stone misses you. The leopard gecko closely misses you.
You hit the leopard gecko.
You claw the leopard gecko, but do no damage.
The leopard gecko is lightly wounded.
The bat completely misses you. The bat closely misses you.
The leopard gecko closely misses you.
You hit the leopard gecko.
The leopard gecko is heavily wounded.
The bat misses you. The bat closely misses you.
The leopard gecko closely misses you.
You hit the leopard gecko.
You claw the leopard gecko, but do no damage.
The leopard gecko is severely wounded.
The bat barely misses you. The leopard gecko misses you.
You hit the leopard gecko.
The leopard gecko is almost dead.
The bat closely misses you. The leopard gecko bites you.
* * * LOW HITPOINT WARNING * * *
You closely miss the leopard gecko.
The leopard gecko is almost dead.
The bat barely misses you. The leopard gecko misses you.
You barely miss the leopard gecko.
The leopard gecko is almost dead.
The bat hits you.
* * * LOW HITPOINT WARNING * * *
The bat hits you.
* * * LOW HITPOINT WARNING * * *
The leopard gecko misses you. The kobold completely misses you.
The leopard gecko bites you.
* * * LOW HITPOINT WARNING * * *
You closely miss the leopard gecko.
The leopard gecko is almost dead.
Your transformation is almost over.
The bat barely misses you. The bat hits you but does no damage.
The kobold hits you.
* * * LOW HITPOINT WARNING * * *
The leopard gecko bites you.
You die...

#.#######).#
#..######..#
...........#
...###.###.#
......#....#
#.#####.##..#
##. #..#
###...#.(#
......K@b#
##.....l..#
#........#
##...#...#
....##...#
..... #...#
..... ....#
###. #^.>.


You could see a leopard gecko, a bat and a kobold.

Vanquished Creatures
  An ooze (D:1)
  A leopard gecko (D:1)
  A giant cockroach (D:1)
  A goblin (D:1)
  3 hobgoblins (D:1)
  2 kobolds (D:1)
  A bat (D:1)
  3 rats (D:1)
13 creatures vanquished.

Vanquished Creatures (collateral kills)
  A hobgoblin (D:1)
  A kobold (D:1)
2 creatures vanquished.

Grand Total: 15 creatures vanquished

Notes
Turn   | Place    | Note
-------+----------+-------------------------------------------
     0 | D:1      | Amnesiac the Spriggan Transmuter began the quest for the Orb.
     0 | D:1      | Reached XP level 1. HP: 9/9 MP: 5/5
   184 | D:1      | Reached skill level 1 in Fighting
   245 | D:1      | Reached XP level 2. HP: 14/14 MP: 4/6
   249 | D:1      | Learned a level 2 spell: Sticks to Snakes
   252 | D:1      | Found a shattered altar of Ashenzari.
   704 | D:1      | Slain by a leopard gecko

Vault maps used:
D:1:      dpeg_arrival_long_road, evilmike_ruin_ashenzari

Skill      XL: |  1  2 |
---------------+-------+-----
Fighting       | 1 |  1.0
Spellcasting   | 3 |  3.0
Transmutations | 3 |  3.0
Dodging        | |  3.8
Unarmed Combat | |  2.6

Action                   || total
-------------------------++-------
Melee: Unarmed           ||    65
       Kick              ||    13
 Cast: Beastly Appendage ||    10
       Sticks to Snakes  ||     1
 Stab: Sleeping          ||     1
Armor: Robe              ||     5
Dodge: Dodged            ||    63

Table legend:
 A = Spawn XP
 B = Non-spawn XP
 C = Spawn XP percentage of total XP
 D = Spawn monster count
 E = Non-spawn monster count
 F = Spawn count percentage of total count
 G = Total turns spent on level
                    A         B        C        D         E        F      G
               +---------+---------+-------+---------+---------+-------+---------
         Total |       0 |      30 |   0.0 |       0 |      15 |   0.0 |   704
               +---------+---------+-------+---------+---------+-------+---------
           D:1 |       0 |      30 |   0.0 |       0 |      15 |   0.0 |   704
               +---------+---------+-------+---------+---------+-------+---------
